 Dungeon Crawl Stone Soup version 0.23-a0-419-g0174fd8 (console) character file.

68 bli the Insei (level 4, -9/30 HPs)
             Began as an Octopode Transmuter on Nov 11, 2018.
             Killed from afar by Sigmund (11 damage)
             ... with a puff of flame
             ... on level 2 of the Dungeon.
             The game lasted 00:04:50 (1512 turns).

bli the Insei (Octopode Transmuter)                 Turns: 1512, Time: 00:04:51

Health: -9/30      AC:  1    Str: 10    XL:     4   Next: 19%
Magic:  6/7        EV: 13    Int: 15    God:
Gold:   54         SH:  0    Dex: 12    Spells: 3/7 levels left

rFire    . . .     SeeInvis .     - Unarmed
rCold    . . .     Gourm    .   (no shield)
rNeg     . . .     Faith    .   (helmet restricted)
rPois    .         Spirit   .   (no amulet)
rElec    .         Reflect  .   (no ring)
rCorr    .         Harm     .   (no ring)
MR       .....                  (no ring)
Stlth    ++........             (no ring)
HPRegen  0.10/turn              (no ring)
MPRegen  0.10/turn              (no ring)
                                (no ring)
                                (no ring)

@: appendage
A: almost no armour, stealthy swim, amphibious, 8 rings, constrict 8, tentacle
spike 3, camouflage 1, gelatinous body 1
a: End Transformation


You were on level 2 of the Dungeon.
You were not hungry.
One of your tentacles had a temporary spike.
You visited 1 branch of the dungeon, and saw 2 of its levels.

You collected 54 gold pieces.

Inventory:

Hand Weapons
 l - a +3 hand axe
 m - a +0 dagger of venom
Missiles
 a - 12 arrows
 e - 26 sling bullets
 g - 21 stones (quivered)
Scrolls
 b - a scroll of noise {unknown}
 d - 4 scrolls of teleportation {unknown}
 h - a scroll of identify {unknown}
 k - a scroll of enchant armour {unknown}
 q - a scroll of fog {unknown}
Potions
 f - a potion of haste {unknown}
 i - a potion of invisibility {unknown}
 j - a potion of might {unknown}
 o - a potion of lignification {unknown}
 p - a potion of curing {unknown}
 r - a potion of heal wounds {unknown}
Comestibles
 c - 5 rations
 n - 6 chunks of flesh


   Skills:
 * Level 2.9 Fighting
 - Level 2.0 Dodging
 - Level 4.0 Unarmed Combat
 - Level 2.0 Spellcasting
 - Level 2.0 Transmutations


You had 3 spell levels left.
You knew the following spells:

 Your Spells              Type           Power        Failure   Level  Hunger
a - Beastly Appendage     Tmut           #.....       10%         1    #......
s - Spider Form           Tmut/Pois      #.........   41%         3    ###....

Your spell library contained the following spells:

 Spells                   Type           Power        Failure   Level  Hunger
 Sticks to Snakes         Tmut           #.......     14%         2    ###....
 Ice Form                 Ice/Tmut       #.......     82%         4    #####..
 Blade Hands              Tmut           #.........   95%         5    ######.


Dungeon Overview and Level Annotations

Branches:
Dungeon (2/15)

Altars:

Annotations:
D:2 Sigmund


Innate Abilities, Weirdness & Mutations

You cannot wear most types of armour.
You are very stealthy in the water. (Stealth+)
You are amphibious.
You can wear up to eight rings at the same time.
You can use your tentacles to constrict eight enemies at once.
Your skin changes colour to match your surroundings (Stealth+).
Your rubbery body absorbs attacks. (AC +1, EV +1)
One of your tentacles bears a large vicious spike.


Message History

You constrict the quokka. The quokka barely misses you.
You release your grip on the quokka.
There is an open door here.
The gnoll shouts!
You hear a shout! x2
The gnoll throws a stone.
The stone barely misses you.
The quokka closely You see here a stone.
You closely miss the quokka. Your grab misses the quokka.
The quokka is almost dead.
The quokka bites you.
The gnoll throws a stone.
The stone hits you.
The gnoll throws a stone.
The stone barely misses you.
You see here a stone.
You bludgeon the quokka!
You kill the quokka!
A puff of flame appears from out of thin air!
The puff of flame hits you!
* * * LOW HITPOINT WARNING * * *
The gnoll throws a stone.
The stone barely misses you.
A puff of flame appears from out of thin air!
The puff of flame hits you!
You die...

.##.................)....###.....
.###.............................
.###......................###....
.#.......##.....#'#'###...+......
.#.......##.....#.#.......###)...
.#.......##.....#.#.......###....
.#........'.รท....................
.......####...............#######
####.#...##...............#######
#>.........................[..
##.......##..@...#...##.......
#.......##..(...#...##.......
#.......##..(...'...+........
#...........#'###...#...#####
...##........#.# ...##........
....##.g......#.#....##........
.....##........#.# #........
...... ........#'# #.......# ....
........... #...###.# ....
........... ........... .... .....
#########..


You could see a gnoll.

Vanquished Creatures
  Jessica (D:2)
  An ooze (D:1)
  A worm (D:2)
  2 leopard geckos (D:2)
  4 bats
  3 giant cockroaches (D:1)
  6 goblins
  2 hobgoblins
  2 kobolds (D:1)
  A quokka (D:2)
  A ball python (D:2)
  2 frilled lizards (D:1)
  5 rats
31 creatures vanquished.

Notes
Turn   | Place    | Note
-------+----------+-------------------------------------------
     0 | D:1      | bli the Octopode Transmuter began the quest for the Orb.
     0 | D:1      | Reached XP level 1. HP: 13/13 MP: 3/3
    75 | D:1      | Reached XP level 2. HP: 15/18 MP: 5/5
   550 | D:1      | Reached XP level 3. HP: 23/23 MP: 4/6
   738 | D:1      | Reached skill level 4 in Unarmed Combat
  1067 | D:2      | Noticed Jessica
  1076 | D:2      | Killed Jessica
  1089 | D:2      | Learned a level 3 spell: Spider Form
  1307 | D:2      | Reached XP level 4. HP: 30/30 MP: 5/7
  1501 | D:2      | Noticed Sigmund
  1512 | D:2      | Killed from afar by Sigmund

Vault maps used:
D:1:      minmay_arrival_doors
D:2:      uniq_jessica, uniq_sigmund

Skill      XL: |  1  2  3 |
---------------+----------+-----
Unarmed Combat | 4 |  4.0
Fighting       | 2 |  2.9
Dodging        | |  2.0
Spellcasting   | |  2.0
Transmutations | |  2.0

Action                   |  1- 3 |  4- 6 || total
-------------------------+-------+-------++-------
Melee: Unarmed           |    47 |    11 ||    58
       Constrict         |    13 |     3 ||    16
       Kick              |     5 |     2 ||     7
       Tentacles         |     3 |     2 ||     5
       Punch             |     2 |     1 ||     3
Throw: Stone             |     3 |     1 ||     4
 Cast: Beastly Appendage |     9 |     3 ||    12
 Stab: Sleeping          |     4 |     1 ||     5
  Eat: Chunk             |     1 |     1 ||     2
Armor: Skin              |     1 |     1 ||     2
Dodge: Dodged            |    21 |     7 ||    28

Table legend:
 A = Non-vault XP
 B = Vault XP
 C = Vault XP percentage of total XP
 D = Non-vault monster count
 E = Vault monster count
 F = Vault count percentage of total count
                 A         B        C        D         E       F
            +---------+---------+-------+---------+---------+-------
      Total |      61 |      37 |  37.8 |      30 |       1 |   3.2
            +---------+---------+-------+---------+---------+-------
        D:1 |      37 |       0 |   0.0 |      19 |       0 |   0.0
        D:2 |      24 |      37 |  60.7 |      11 |       1 |   8.3
            +---------+---------+-------+---------+---------+-------
